 Dungeon Crawl Stone Soup version 0.29-a0-392-g297d3b089c (webtiles) character file.

Game seed: 3215732685579514480

1096 bwicke the Changer (level 8, -5/81 HPs)
             Began as an Octopode Transmuter on May 7, 2022.
             Succumbed to their own poison gas
             ... on level 6 of the Dungeon on May 8, 2022.
             The game lasted 00:25:12 (5352 turns).

bwicke the Changer (Octopode Transmuter)            Turns: 5352, Time: 00:25:12

Health: -5/81      AC:  6    Str:  9    XL:     8   Next: 31%
Magic:  19/20      EV: 22    Int: 18    God:
Gold:   398        SH:  0    Dex: 17    Spells: 7/11 levels left

rFire   . . .      SeeInvis .     - Unarmed
rCold   . . .      Faith    .   (shield currently unavailable)
rNeg    + . .      Spirit   .   (helmet currently unavailable)
rPois   x          Reflect  .   (no amulet)
rElec   .          Harm     .   c - ring of magical power
rCorr   .          Rampage  .   m - +4 ring of protection
Will    .....                   h - ring of positive energy
Stlth   ..........              (no ring)
HPRegen 0.23/turn               (no ring)
MPRegen 0.17/turn               (no ring)
                                (no ring)
                                (no ring)

@: berserking, lethally poisoned (-5 -> -42), spider-form, very quick
A: venomous fangs, almost no armour, (amphibious), 8 rings, tiny, (camouflage
1), (gelatinous body 1), (nimble swimmer 1), (tentacles)
a: End Transformation


You were on level 6 of the Dungeon.
You were a venomous arachnid creature.
You visited 1 branch of the dungeon, and saw 6 of its levels.

You collected 450 gold pieces.
You spent 52 gold pieces at shops.

Inventory:

Hand Weapons
 g - a +1 hunting sling
 j - a +0 battleaxe
 q - a +1 dagger of speed (melded)
Missiles
 d - 168 stones
 f - 3 boomerangs
 o - 2 atropa-tipped darts
 r - 12 poisoned darts
Magical Staves
 b - a staff of conjuration
Jewellery
 c - a ring of magical power (left front leg)
 h - a ring of positive energy (on tentacle)
 m - a +4 ring of protection (right front leg)
Scrolls
 e - 2 scrolls of amnesia
 l - a scroll of poison
 p - a scroll of silence
 v - a scroll of fog
Potions
 a - 2 potions of lignification
 i - a potion of cancellation {unknown}
 u - a potion of ambrosia {unknown}


   Skills:
 - Level 4.2 Fighting
 - Level 5.1 Dodging
 - Level 4.0 Unarmed Combat
 - Level 2.0 Spellcasting
 + Level 6.7 Transmutations


You had 7 spell levels left.
You knew the following spells:

 Your Spells              Type           Power      Damage    Failure   Level
a - Beastly Appendage     Tmut           52%        N/A       5%          1
b - Spider Form           Tmut/Pois      14%        N/A       32%         3

Your spell library contained the following spells:

 Spells                   Type           Power      Damage    Failure   Level
 Wereblood                Tmut           26%        N/A       7%          2
 Ice Form                 Ice/Tmut       14%        N/A       63%         4
 Stone Arrow              Conj/Erth      2%         3d7       69%         3
 Dispersal                Tloc           0%         N/A       100%        6
 Disjunction              Tloc           0%         N/A       100%        8
 Lehudib's Crystal Spear  Conj/Erth      0%         10d2      100%        8
 Animate Armour           Summ/Erth      Unusable   N/A       N/A         4

Dungeon Overview and Level Annotations

Branches:
Dungeon (6/15)             Temple (0/1) D:6

Altars:
Elyvilon
Gozag
Beogh

Shops:
D:5 *

Annotations:
D:3 3 runed translucent doors, siradein's ghost, amateur DsIE
D:4 3 runed translucent doors, klau3's ghost, amateur MiGl
D:6 Maggie


Innate Abilities, Weirdness & Mutations

You are a venomous arachnid creature.
You have poisonous fangs.
You are tiny and dextrous.
Your spellcasting is less reliable in this form.
Your armour is entirely melded.
You are incapable of wielding weapons or throwing items.
You cannot wear most types of armour.
((You are amphibious.))
You can wear up to eight rings at the same time.
((Your skin changes colour to match your surroundings (Stealth+).))
((Your rubbery body absorbs attacks. (AC +1, EV +1)))
((You are camouflaged when in or above water. (Stealth+)))
((You have tentacles for arms and can constrict up to eight enemies at once.))


Message History

The killer bee barely misses you. The killer bee completely misses you.
You hit the killer bee.
You kill the killer bee!
You feel very sick. The killer bee misses you.
The killer bee completely misses you. The killer bee stings you.
* * * LOW HITPOINT WARNING * * *
Unknown command.
You feel much better.
You feel very sick. The killer bee misses you. The killer bee stings you!
The killer bee stings you but does no damage.
The bullfrog misses you.
The killer bee completely misses you. x2
The killer bee barely misses you. The bullfrog closely misses you.
Blink to where?
Press: ? - help, Dir - move target Really blink into that cloud of poison gas?
As you read the scroll of blinking, it crumbles to dust.
You are engulfed in poison gas.
You are lethally poisoned!
* * * LOW HITPOINT WARNING * * *
You feel extremely sick.
The killer bee is engulfed in poison gas.
The killer bee is poisoned.
The killer bee is engulfed in poison gas.
The killer bee is poisoned.
* * * LOW HITPOINT WARNING * * *
You feel extremely sick.
The killer bee is engulfed in poison gas.
The killer bee looks even sicker.
The killer bee is engulfed in poison gas.
The killer bee is poisoned.
The killer bee is engulfed in poison gas.
The killer bee looks even sicker. x3
The killer bee is engulfed in poison gas.
The killer bee looks even sicker.
It was a potion of berserk rage.
A red film seems to cover your vision as you go berserk!
You feel yourself moving faster!
You feel mighty!
You die...

############## #.#
##............## #.#
##..............# ##
#.###................ #.
#.##..#..###......... #.
#.##.##.## #.........
####.#####§§.....# #.........
.......○y§y§§########.........
##@#†.F§yy§○s..............##
#..†§.##.##....#......#.....#
......###.##.#..##...#..##......#
..#.. ..##.#.######..##.......#
... .####.#..####..###.......#
##. .. #..#.......###.......# #
.# ##.#.#...>..#.......# .#
#.#..#............# ..
##.##..#.#####


You could see a bullfrog and 4 killer bees.

Vanquished Creatures
  Sigmund (D:4)
  A water moccasin (D:5)
  A black bear (D:5)
  A centaur (D:5)
  2 killer bees (D:6)
  5 hounds
  2 orc priests (D:5)
  4 orc wizards
  4 iguanas (D:5)
  4 adders
  A white imp (D:5)
  2 worms
  6 dart slugs
  16 orcs
  9 ball pythons
  A bat (D:2)
  6 endoplasms
  A giant cockroach (D:4)
  5 goblins
  3 hobgoblins (D:3)
  4 jackals (D:4)
  9 kobolds
  4 frilled lizards
  5 rats
97 creatures vanquished.

Notes
Turn   | Place    | Note
-------+----------+-------------------------------------------
     0 | D:1      | bwicke the Octopode Transmuter began the quest for the Orb.
     0 | D:1      | Reached XP level 1. HP: 13/13 MP: 3/3
   190 | D:1      | Reached XP level 2. HP: 17/18 MP: 5/5
  1086 | D:2      | Reached XP level 3. HP: 13/23 MP: 6/6
  1346 | D:2      | Found a faded altar of an unknown god.
  1936 | D:3      | Reached XP level 4. HP: 8/29 MP: 7/7
  2378 | D:3      | Reached XP level 5. HP: 29/36 MP: 8/8
  2736 | D:3      | Found a runed translucent gate.
  2736 | D:3      | Found a runed translucent gate.
  2737 | D:3      | Found a runed translucent gate.
  2739 | D:3      | Found an opulent altar of Gozag.
  2739 | D:3      | Noticed an ice beast
  2741 | D:3      | Noticed siradein's ghost (amateur DsIE)
  2812 | D:4      | Noticed Sigmund
  3174 | D:4      | Identified the +0 scale mail of Submission {rF++ Will+ MP-9
                  | Str+4 Int+3}
  3253 | D:4      | Killed Sigmund
  3254 | D:4      | Reached XP level 6. HP: 40/43 MP: 9/9
  3666 | D:4      | Found a runed translucent gate.
  3666 | D:4      | Noticed klau3's ghost (amateur MiGl)
  3667 | D:4      | Found a runed translucent gate.
  3667 | D:4      | Identified the +8 dagger "Sioxet" {flame, +Blink rC- Str+10
                  | Int+2}
  3667 | D:4      | Identified the +1 ring mail of Beogh's Indignation
                  | {*Corrode Str+8}
  3668 | D:4      | Found a runed translucent gate.
  3788 | D:5      | Entered Level 5 of the Dungeon
  3788 | D:5      | Found Minotu Taib's General Store.
  3801 | D:5      | Reached XP level 7. HP: 19/48 MP: 10/10
  3808 | D:5      | Bought a scroll of identify for 26 gold pieces
  3808 | D:5      | Bought a scroll of identify for 26 gold pieces
  3869 | D:5      | Reached skill level 5 in Dodging
  4107 | D:5      | Reached skill level 3 in Transmutations
  4377 | D:5      | Reached skill level 4 in Transmutations
  4444 | D:5      | Reached skill level 5 in Transmutations
  4886 | D:5      | Reached XP level 8. HP: 51/54 MP: 11/11
  4891 | D:5      | Learned a level 3 spell: Spider Form
  4891 | D:5      | Upgraded the game from 0.29-a0-384-g6960b1960d to
                  | 0.29-a0-392-g297d3b089c
  4924 | D:5      | Reached skill level 6 in Transmutations
  5017 | D:5      | Found a white marble altar of Elyvilon.
  5274 | D:6      | Found a staircase to the Ecumenical Temple.
  5336 | D:6      | Noticed Maggie
  5351 | D:6      | HP: 2/54 [poisoned by you (poison gas)]
  5352 | D:6      | Succumbed to their own poison gas

Illustrated notes

Levels and vault maps discovered:
D:1:      dpeg_arrival_tiny_d, layout_basic
D:2:      layout_basic, nicolae_ecumenical_snake_handling
D:3:      layout_loops_ring, ebering_ghost_gozag
D:4:      layout_cave_pools, biasface_ghost_orc_armoury,
          minmay_goblin_kobold_house, uniq_sigmund
D:5:      layout_rooms, nicolae_elyvilon_peaceful_grove, serial_shops,
          nicolae_shop_temple_entry_statues_fountains, grunt_ministairs_8,
          chequers_garden
D:6:      layout_rooms, minmay_temple_entry_wispy, uniq_maggie

Skill      XL: |  1  2  3  4  5  6  7  8 |
---------------+-------------------------+-----
Unarmed Combat | 4 |  4.0
Fighting       | 3 4 |  4.2
Dodging        | 4 5 |  5.1
Transmutations | 5 6 |  6.7
Spellcasting   | |  2.0

Action                   |  1- 3 |  4- 6 |  7- 9 || total
-------------------------+-------+-------+-------++-------
Melee: Unarmed           |    70 |    25 |    30 ||   125
       Constrict         |    17 |    31 |    14 ||    62
       Kick              |    24 |    46 |    30 ||   100
       Tentacles         |    11 |    34 |    22 ||    67
       Punch             |     3 |     3 |     3 ||     9
       Dagger            |       |    77 |    90 ||   167
 Fire: Hunting sling     |     5 |     1 |       ||     6
Throw: Dart              |       |       |     2 ||     2
 Cast: Beastly Appendage |    18 |    16 |    11 ||    45
       Spider Form       |       |       |     3 ||     3
  Use: Scroll            |     4 |     4 |     6 ||    14
       Potion            |       |     2 |     4 ||     6
 Stab: Sleeping          |     7 |     4 |     1 ||    12
Armor: Skin              |     4 |    17 |    36 ||    57
Dodge: Dodged            |    37 |    49 |   135 ||   221

Table legend: (Time is in decaauts)
 A = Elapsed time spent in this place.
 B = Non-inter-level travel time spent in this place.
 C = Inter-level travel time spent in this place.
 D = Time resting spent in this place.
 E = Time spent auto-exploring this place.
 F = Levels seen in this place.
 G = Mean time per level.
                   A        B        C        D        E       F      G
               +--------+--------+--------+--------+--------+-----+--------+
         Total |   5289 |   5088 |    201 |    307 |   3531 |   6 |  881.5 |
       Dungeon |   5289 |   5088 |    201 |    307 |   3531 |   6 |  881.5 |
               +--------+--------+--------+--------+--------+-----+--------+

Top non-repeatable levels by time:
     D:5: 1404 daAuts
     D:3: 1372 daAuts
     D:2: 862 daAuts
     D:1: 844 daAuts
     D:4: 682 daAuts
     D:6: 124 daAuts
